 Dungeon Crawl Stone Soup version 0.14-a0-1192-g192f278 (webtiles) character file.

964 Psiweapon the Covert (level 7, -1/58 HPs)
             Began as a Naga Warper on Dec 1, 2013.
             Slain by a centaur (4 damage)
             ... on Level 6 of the Dungeon.
             The game lasted 00:39:56 (6939 turns).

Psiweapon the Covert (Naga Warper)                  Turns: 6939, Time: 00:39:56

HP  -1/58        AC  7     Str 14      XL: 7   Next: 76%
MP  10/10        EV  9     Int 15      God:
Gold 222         SH  0     Dex 10      Spells:  3 memorised,  4 levels left

rFire  . . .     SeeInvis +     a - +0 short sword
rCold  . . .     Clarity  .     b - +0 leather armour
rNeg   . . .     Conserve .     (no shield)
rPois  +         rCorr    .     (no helmet)
rElec  .         rRot     .     (no cloak)
SustAb + .       Spirit   .     (no gloves)
rMut   .         Warding  .     (no barding)
Saprov . . .     RndTele  +     (no amulet)
                                y - ring of sustain abilities
                                l - ring of wizardry

@: mildly poisoned, very slow, somewhat resistant to hostile enchantments, very
stealthy
A: spit poison, iridescent scales 1, see invisible, deformed body, poison
resistance, slowness 2, teleportitis 1, wild magic 1, AC +2
a: Spit Poison


You were on level 6 of the Dungeon.
You were not hungry.

You visited 1 branch of the dungeon, and saw 6 of its levels.

You collected 222 gold pieces.

Inventory:

Hand weapons
 a - a +0,+0 short sword (weapon)
 i - a +0,+0 dagger
 o - a +0,+0 dagger
 u - a +0,+0 dagger of venom
 x - a +3,+0 flail of protection
Missiles
 e - 31 darts (quivered)
 B - a javelin of returning
Armour
 b - a +0 leather armour (worn)
 F - a cursed +0 ring mail
Magical devices
 f - a wand of flame (0)
Comestibles
 g - a bread ration
 s - a chunk of quokka flesh
Scrolls
 h - a scroll of enchant weapon I {unknown}
 k - a scroll of fear {unknown}
 m - a scroll of enchant weapon II {unknown}
 n - 2 scrolls of fog {unknown}
 t - 2 scrolls of amnesia
 w - a scroll of random uselessness {unknown}
 A - a scroll of magic mapping {unknown}
Jewellery
 l - a ring of wizardry (left hand)
 p - an uncursed ring of teleportation
 y - a ring of sustain abilities (right hand)
Potions
 d - a potion of restore abilities
 j - a potion of poison {unknown}
 q - a potion of brilliance {unknown}
 r - a potion of curing
 z - a potion of paralysis {unknown}
 C - a potion of invisibility {unknown}
Books
 c - a book of Spatial Translocations

   Spells                             Type                      Level
   *Apportation                       Translocation                1
   Portal Projectile                  Translocation                2
   *Blink                             Translocation                2
   Shroud of Golubria                 Charms/Translocation         2
   *Teleport Other                    Translocation                3
   Passage of Golubria                Translocation                4


   Skills:
 - Level 2.0 Fighting
 - Level 2.0 Short Blades
 - Level 1.1 Throwing
 - Level 1.0 Armour
 - Level 2.3 Dodging
 + Level 8.9 Stealth
 - Level 2.0 Spellcasting
 + Level 6.2 Translocations


You had 4 spell levels left.
You knew the following spells:

 Your Spells              Type           Power        Failure   Level  Hunger
a - Apportation           Tloc           ####......   2%          1    #......
b - Blink                 Tloc           N/A          2%          2    ###....
c - Teleport Other        Tloc           ####....     4%          3    ####...


Dungeon Overview and Level Annotations

Branches:
Dungeon (6/16)
 Temple: D:4-7

Altars:
Ashenzari
Sif Muna
Vehumet
Xom


Innate Abilities, Weirdness & Mutations

You cannot wear boots.
You can spit poison.
Your serpentine skin is tough (AC +2).
You have supernaturally acute eyesight.
Armour fits poorly on your strangely shaped body.
Your system is resistant to poisons.
You cover ground very slowly.
You are partially covered in iridescent scales (AC +4).
Space occasionally distorts in your vicinity.
Your spells are a little harder to cast, but a little more powerful.


Message History

The centaur is moderately wounded.
The centaur closely misses you. The goblin closely misses you.
Unknown command.
You hit the centaur but do no damage.
The centaur is moderately wounded.
* * * LOW HITPOINT WARNING * * *
You feel sick. The centaur barely misses you. The goblin barely misses you.
The centaur hits you.
* * * LOW HITPOINT WARNING * * *
You completely miss the centaur.
The centaur is moderately wounded.
You have got your breath back.
The centaur hits you!
* * * LOW HITPOINT WARNING * * *
The goblin barely misses you.
You hit the centaur but do no damage.
The centaur is moderately wounded.
The centaur hits you but does no damage.
The goblin misses you. The centaur hits you.
You die... ........############. ..................... ...................# ..................## ..................# ##...###########..# #...# #zl## #...# #gcl#

#...# ##@#'# #...##
#(##??. ##....# #.#
gz.!# ......+ ###.#
gS.[# .....<# #...#
l$??#
......#######...##...##
.................#####
......................
.....................


You could see a centaur, a worm zombie, a goblin and 2 giant newts.

Vanquished Creatures
  Edmund (D:5)
  A phantom (D:4)
  A centaur (D:5)
  A crimson imp (D:5)
  A centaur skeleton (D:5)
  A giant frog zombie (D:5)
  6 worker ants
  Ijyb (D:3)
  4 gnolls (D:3)
  A giant mite (D:2)
  7 adders
  An inept item mimic (D:4)
  3 worms
  4 giant geckos
  An ooze (D:2)
  4 orcs (D:5)
  7 bats
  5 giant cockroaches
  10 goblins
  6 hobgoblins
  6 jackals
  A quokka (D:6)
  A ball python (D:4)
  6 giant newts
  6 kobolds
  A kobold skeleton (D:4)
  11 rats
  A fungus (D:5)
99 creatures vanquished.

Notes
Turn   | Place    | Note
--------------------------------------------------------------
     0 | D:1      | Psiweapon, the Naga Warper, began the quest for the Orb.
     0 | D:1      | Reached XP level 1. HP: 18/18 MP: 1/1
    49 | D:1      | Reached skill level 1 in Throwing
   388 | D:3      | Noticed Ijyb
   441 | D:1      | Reached skill level 1 in Armour
   441 | D:1      | Reached skill level 1 in Stealth
   627 | D:1      | Reached XP level 2. HP: 25/25 MP: 3/3
   639 | D:1      | Learned a level 2 spell: Blink
  1313 | D:2      | Reached XP level 3. HP: 18/31 MP: 4/4
  2122 | D:2      | Learned a level 3 spell: Teleport Other
  2362 | D:3      | Reached XP level 4. HP: 26/39 MP: 6/6
  3000 | D:3      | Reached skill level 4 in Stealth
  3239 | D:3      | Killed Ijyb
  3239 | D:3      | Reached XP level 5. HP: 42/45 MP: 0/7
  3375 | D:3      | Reached skill level 5 in Stealth
  3996 | D:5      | Entered Level 5 of the Dungeon
  4180 | D:4      | Reached XP level 6. HP: 46/52 MP: 9/9
  4218 | D:4      | Reached skill level 6 in Stealth
  4525 | D:4      | Noticed a phantom
  4561 | D:4      | Killed a phantom
  4561 | D:4      | Reached skill level 5 in Translocations
  4703 | D:4      | Gained mutation: Your spells are a little harder to cast, but a little more powerful. [potion of mutation]
  4703 | D:4      | Gained mutation: You are partially covered in iridescent scales (AC +4). [potion of mutation]
  4703 | D:4      | Gained mutation: Space occasionally distorts in your vicinity. [potion of mutation]
  4830 | D:4      | Reached skill level 7 in Stealth
  5388 | D:5      | Found a shimmering altar of Xom.
  5399 | D:5      | Reached XP level 7. HP: 58/58 MP: 7/10
  5544 | D:5      | Noticed Edmund
  5596 | D:5      | Killed Edmund
  5596 | D:5      | Reached skill level 8 in Stealth
  6249 | D:5      | Found a deep blue altar of Sif Muna.
  6249 | D:5      | Found a shattered altar of Ashenzari.
  6250 | D:5      | Found a radiant altar of Vehumet.
  6275 | D:5      | Noticed a centaur
  6282 | D:5      | Killed a centaur
  6919 | D:6      | Noticed a centaur
  6939 | D:6      | Slain by a centaur

Action                   |  1- 3 |  4- 6 |  7- 9 || total
-------------------------+-------+-------+-------++-------
Melee: Short sword       |    58 |     5 |   125 ||   188
       Dagger            |    33 |   197 |    37 ||   267
Throw: Dart              |    13 |    32 |    23 ||    68
       Javelin           |       |    18 |     6 ||    24
 Cast: Blink             |     5 |    13 |     8 ||    26
       Teleport Other    |       |     6 |     3 ||     9
       Apportation       |       |    20 |       ||    20
 Abil: Spit Poison       |    24 |    26 |    21 ||    71
  Use: Scroll            |       |     9 |     2 ||    11
       Potion            |       |     2 |     6 ||     8
 Stab: Sleeping          |     3 |     6 |     1 ||    10
